 Dungeon Crawl Stone Soup version 0.20-a0-870-g4070442 (webtiles) character file.

42 4thArraOfDagon the Magician (level 3, 0/26 HPs)
             Began as a Demigod Wanderer on Mar 13, 2017.
             Slain by a jackal (3 damage)
             ... on level 2 of the Dungeon.
             The game lasted 00:01:34 (276 turns).

4thArraOfDagon the Magician (Demigod Wanderer)       Turns: 276, Time: 00:01:35

Health: 0/26       AC:  5    Str: 14    XL:     3   Next: 19%
Magic:  8/11       EV: 10    Int: 15    God:
Gold:   21         SH:  0    Dex: 19    Spells: 10/11 levels left

rFire    . . .     SeeInvis .   e - +0 dagger
rCold    . . .     Gourm    .   g - +0 ring mail
rNeg     . . .     Faith    .   (no shield)
rPois    .         Spirit   .   (no helmet)
rElec    .         Reflect  .   (no cloak)
rCorr    .         Harm     .   (no gloves)
MR       .....                  (no boots)
Stlth    +.........             (no amulet)
Regen    0.1/turn               (no ring)
MPRegen  0.2/turn               (no ring)

@: very slightly contaminated, hasted, very quick
A: high mp 1
a: no special abilities


You were on level 2 of the Dungeon.
You were not hungry.

You visited 1 branch of the dungeon, and saw 2 of its levels.

You collected 21 gold pieces.

Inventory:

Hand Weapons
 e - a +0 dagger (weapon)
Armour
 d - a +0 robe
 g - a +0 ring mail (worn)
 n - a +0 pair of boots
Scrolls
 i - a scroll of enchant weapon {unknown}
 k - a scroll of identify {unknown}
 l - 2 scrolls of teleportation {unknown}
Potions
 c - a potion of lignification
 j - a potion of haste
Books
 a - a book of Frost

   Spells                             Type                      Level
   a - Freeze                         Ice                          1
   b - Throw Frost                    Conjuration/Ice              2
   c - Ozocubu's Armour               Charms/Ice                   3
   d - Throw Icicle                   Conjuration/Ice              4
   e - Summon Ice Beast               Ice/Summoning                4
 b - the Catalogue of Black Rituals

   Spells                             Type                      Level
   a - Corpse Rot                     Necromancy                   2
   b - Sublimation of Blood           Necromancy                   2
Comestibles
 f - a bread ration
 h - a royal jelly


   Skills:
 - Level 1.0 Stealth
   Level 1.0 Shields
 - Level 4.5 Spellcasting
   Level 1.0 Necromancy
 * Level 3.0 Ice Magic
   Level 1.0 Earth Magic


You had 10 spell levels left.
You knew the following spells:

 Your Spells              Type           Power        Failure   Level  Hunger
a - Freeze                Ice            ##..         12%         1    None


Dungeon Overview and Level Annotations

Branches:
Dungeon (2/15)


Innate Abilities, Weirdness & Mutations

You have an increased reservoir of magic. (+10% MP)


Message History

You kill the jackal!
Casting: Freeze
Confirm with . or Enter, or press ? or * to list all spells.
Aiming: Freeze
Press: ? - help, Shift-Dir - straight line, f - jackal
Aim: a jackal You freeze the jackal.
You kill the jackal!
Casting: Freeze
Confirm with . or Enter, or press ? or * to list all spells.
You can't see any susceptible monsters within range! (Use Z to cast anyway.) Unknown command.
As you read the scroll labeled AROAPP QUCROIL, it crumbles to dust.
You feel blessed for a moment.
It was a scroll of remove curse.
You see here 15 gold pieces.
You now have 21 gold pieces (gained 15).
The jackal bites you but does no damage.
There is a stone staircase leading up here.
The jackal bites you.
You die...

... ..# #..##..#
###....(##
#...#....######.
#.##............
#####......####.....
#..h.........##.....
#.##................
#.##.h@.†<....#....
#.#...#.......# ...
#...###.....###
#.<## #....... ####
#.....### #.....#
#....... ......##


You could see 2 jackals.

Vanquished Creatures
  Natasha (D:2)
  An ooze (D:1)
  A dart slug (D:1)
  A bat (D:1)
  2 giant cockroaches
  A goblin (D:1)
  A hobgoblin (D:1)
  2 jackals (D:2)
  A kobold (D:1)
11 creatures vanquished.

Notes
Turn   | Place    | Note
-------+----------+-------------------------------------------
     0 | D:1      | 4thArraOfDagon the Demigod Wanderer began the quest for the Orb.
     0 | D:1      | 4thArraOfDagon set off with: a book of Frost, the Catalogue of Black Rituals, a potion of lignification, a +0 robe, a +0 dagger, a bread ration
     0 | D:1      | Reached XP level 1. HP: 14/14 MP: 8/8
     0 | D:1      | Identified the Catalogue of Black Rituals
     2 | D:1      | Learned a level 1 spell: Freeze
   129 | D:1      | Reached XP level 2. HP: 7/20 MP: 5/10
   192 | D:2      | Noticed Natasha
   199 | D:2      | Killed Natasha
   199 | D:2      | Reached XP level 3. HP: 3/26 MP: 4/11
   276 | D:2      | Slain by a jackal

Vault maps used:
D:1:      dpeg_arrival_oval
D:2:      uniq_natasha, uniq_sigmund, uniq_iyjb, uniq_robin

Skill      XL: |  1  2 |
---------------+-------+-----
Ice Magic      | 2 3 |  3.0
Stealth        | |  1.0
Shields        | |  1.0
Spellcasting   | |  4.5
Necromancy     | |  1.0
Earth Magic    | |  1.0

Action                   || total
-------------------------++-------
Melee: Dagger            ||    30
 Cast: Freeze            ||    17
  Use: Potion            ||     3
       Scroll            ||     1
 Stab: Sleeping          ||     3
Armor: Skin              ||    19
       Ring mail         ||     7
Dodge: Dodged            ||    18
